 Dungeon Crawl Stone Soup version 0.27.0-65-ge2af304b15 (webtiles) character file.

Game seed: 3141455233416684442

5881 Malachi the Covert (level 10, -5/69 HPs)
             Began as an Octopode Monk on Aug 19, 2021.
             Was a Believer of Ashenzari.
             Slain by an acid dragon (6 damage)
             ... on level 9 of the Dungeon.
             The game lasted 00:18:43 (14222 turns).

Malachi the Covert (Octopode Monk)                 Turns: 14222, Time: 00:18:44

Health: -5/69      AC: -3    Str: 18    XL:     10   Next: 81%
Magic:  10/10      EV: 14    Int: 15    God:    Ashenzari [**....]
Gold:   441        SH: 18    Dex: 14    Spells: 9/9 levels left

rFire    . . .     SeeInvis +   a - +2 flail (protect)
rCold    . . .     Faith    .   h - +1 tower shield
rNeg     + . .     Spirit   .   (helmet restricted)
rPois    .         Reflect  .   (no amulet)
rElec    .         Harm     .   m - ring of Ashenzari's Insecurity {Str+6, Fort, Alch} (curse)
rCorr    .         Rampage  .   (no ring)
Will     .....                  r - ring of the Visionary Boredom {rN+, Elem, Alch} (curse)
Stlth    ++++++....             c - ring "Eternal Together" {Fly, Cun, Self} (curse)
HPRegen  0.21/turn              t - ring "Serendipity of the Sky" {AC+4, Comp, Evo} (curse)
MPRegen  0.12/turn              (no ring)
                                (no ring)
                                (no ring)

@: corroded, flying, studying Stealth
A: almost no armour, amphibious, 8 rings, camouflage 1, gelatinous body 1,
(nimble swimmer 1), tentacles
a: Renounce Religion, Shatter the Chains


You were on level 9 of the Dungeon.
You worshipped Ashenzari.
Ashenzari was pleased with you.
You visited 2 branches of the dungeon, and saw 10 of its levels.

You collected 441 gold pieces.

Inventory:

Hand Weapons
 a - a +2 flail of protection (weapon)
 k - a +1 dagger of venom
 q - a +0 vampiric dagger
 u - a +0 spear of distortion
Missiles
 f - 50 poisoned darts (quivered)
 i - 2 curare-tipped darts
 s - 8 atropa-tipped darts
 x - a throwing net
Armour
 h - a +1 tower shield (worn)
Jewellery
 c - the cursed ring "Eternal Together" (on tentacle) {Fly, Cun, Self}
   (You took it off a kobold on level 3 of the Dungeon)

   [ring of flight]

   Fly:       It grants you flight.
   It has a curse which improves the following skills: Cunning: Dodging and
   Stealth.
   Introspection: Fighting and Spellcasting.
 m - the cursed ring of Ashenzari's Insecurity (left tentacle) {Str+6, Fort, Alch}
   (You found it on level 4 of the Dungeon)

   [ring of strength]

   Str:       It affects your strength (+6).
   It has a curse which improves the following skills: Fortitude: Shields.
   Alchemy:   Poison Magic and Transmutations.
 r - the cursed ring of the Visionary Boredom (on tentacle) {rN+, Elem, Alch}
   (You found it on level 5 of the Dungeon)

   [ring of positive energy]

   rN:        It protects you from negative energy.
   It has a curse which improves the following skills: Elements: Fire Magic, Ice
   Magic, Air Magic and Earth Magic.
   Alchemy:   Poison Magic and Transmutations.
 t - the cursed ring "Serendipity of the Sky" (on tentacle) {AC+4, Comp, Evo}
   (You found it on level 7 of the Dungeon)

   [ring of protection]

   AC:        It affects your AC (+4).
   It has a curse which improves the following skills: Companions: Summonings
   and Necromancy.
   Evocations: Evocations.
Wands
 o - a wand of flame (13)
 p - a wand of charming (10)
Scrolls
 b - 4 scrolls of teleportation
 d - 5 scrolls of identify
 e - a scroll of noise
 g - 2 scrolls of blinking
 y - a scroll of fear
Potions
 l - 2 potions of brilliance
 v - a potion of haste
 w - a potion of cancellation
 z - a potion of ambrosia


   Skills:
 + Level 5.4(6.9) Fighting
 + Level 5.6 Short Blades
 + Level 4.9 Maces & Flails
 + Level 1.8 Throwing
 + Level 7.0(8.5) Dodging
 + Level 10.2(11.5) Stealth
 * Level 9.8(11.2) Shields


You had 9 spell levels left.
You didn't know any spells.
Your spell library contained the following spells:

 Spells                   Type           Power      Damage    Failure   Level
 Magic Dart               Conj           0%         1d3       85%         1
 Searing Ray              Conj           0%         3d3       94%         2
 Gell's Gravitas          Tloc           0%         N/A       99%         3
 Teleport Other           Tloc           0%         N/A       99%         3
 Fulminant Prism          Conj/Hex       0%         3d6       100%        4
 Iskenderun's Mystic Bla  Conj/Tloc      0%         2d3       100%        4
 Lee's Rapid Deconstruct  Erth           0%         3d5*      100%        5
 Dispersal                Tloc           0%         N/A       100%        6


Dungeon Overview and Level Annotations

Branches:
Dungeon (9/15)             Temple (1/1) D:6
   Lair: D:8-11         Orc: D:9-12

Altars:
Ashenzari
Cheibriados
Dithmenos
Fedhas
Hepliaklqana
Kikubaaqudgha
Makhleb
Nemelex Xobeh
Okawaru
Qazlal
Ru
Sif Muna
Trog
Uskayaw
Vehumet
Wu Jian
Xom
Yredelemnul
The Shining One

Annotations:
D:6 2 transporters, Prince Ribbit


Innate Abilities, Weirdness & Mutations

You cannot wear most types of armour.
You are amphibious.
You can wear up to eight rings at the same time.
Your skin changes colour to match your surroundings (Stealth+).
Your rubbery body absorbs attacks. (AC +1, EV +1)
((You are camouflaged near water. (Stealth+)))
You have tentacles for arms and can constrict up to eight enemies at once.


Message History

The acid dragon bites you. You block the acid dragon's attack.
You hit the acid dragon but do no damage.
The acid dragon is lightly wounded.
The acid dragon bites you! You block the acid dragon's attack.
Your +1 dagger of venom stops dripping with poison.
Your +2 flail of protection hums with potential!
a - a +2 flail of protection (weapon)
You block the acid dragon's attack. x2
You hit the acid dragon.
Your weapon exudes an aura of protection.
Your squeeze misses the acid dragon.
The acid dragon is moderately wounded.
The acid dragon spits acid at you. The splash of acid hits you!
The acid corrodes you!
You are splashed with acid!
You are too injured to fight recklessly!
You are too injured to fight recklessly!
You hit the acid dragon but do no damage.
The acid dragon is heavily wounded.
You block the acid dragon's attack.
The acid dragon claws you but does no damage.
The acid dragon spits acid at you. The splash of acid hits you.
The acid corrodes you!
You are splashed with acid!
* * * LOW HITPOINT WARNING * * *
You feel much better. The acid dragon spits acid at you.
The splash of acid hits you!
You are splashed with acid!
* * * LOW HITPOINT WARNING * * *
You barely miss the acid dragon. Your squeeze misses the acid dragon.
The acid dragon is heavily wounded.
The acid dragon bites you!
* * * LOW HITPOINT WARNING * * *
The acid dragon claws you.
* * * LOW HITPOINT WARNING * * *
You completely miss the acid dragon.
You squeeze the acid dragon, but do no damage.
The acid dragon is heavily wounded.
You block the acid dragon's attack. The acid dragon claws you.
* * * LOW HITPOINT WARNING * * *
The acid dragon bites you.
You die...

, #......
*########...... ,,
................ ,
...>........... , ,
..............# * ,,
.....,........#
,#####..#* ###.....#
*,, #...#..# #.....#
, #D@.'..# #......
#...#..# #.####' *
#...#..# #.#≈≈≈.
.#####..# #.#≈.†.
#........######.#≈.##
#...............'..#
#...............'..#
#............)..#≈)##
#...........)...#≈...


You could see an acid dragon (poisoned, catching breath).

Vanquished Creatures
  A troll (D:9)
  A hornet (D:8)
  A wraith (D:7)
  A wyvern (D:9)
  Edmund (D:6)
  2 ice beasts
  3 orc warriors
  2 sky beasts
  A necrophage (D:5)
  2 black bears (D:5)
  A wolf (D:8)
  5 centaurs
  4 ogres
  6 kobold brigands
  5 bullfrogs
  2 scorpions
  2 gnoll sergeants (D:8)
  2 water moccasin zombies
  11 killer bees
  5 wights (D:9)
  3 howler monkeys (D:9)
  4 crimson imps (D:5)
  A centaur zombie (D:8)
  3 hounds
  3 jellies
  A centaur skeleton (D:6)
  5 orc priests
  3 gnoll shamans
  5 iguanas
  Ijyb (D:5)
  9 orc wizards
  A hound skeleton (D:5)
  A howler monkey zombie (D:8)
  An adder (D:4)
  15 gnolls
  2 shadow imps
  2 ufetubi
  A worm (D:4)
  7 dart slugs
  24 orcs
  7 ball pythons
  A bat (D:2)
  5 endoplasms
  3 giant cockroaches
  5 goblins
  6 hobgoblins
  7 jackals
  A quokka (D:2)
  A frilled lizard (D:2)
  33 kobolds
  6 rats
225 creatures vanquished.

Vanquished Creatures (others)
  A sky beast (D:6)
  A kobold (D:7)
2 creatures vanquished.

Grand Total: 227 creatures vanquished

Notes
Turn   | Place    | Note
-------+----------+-------------------------------------------
     0 | D:1      | Malachi the Octopode Monk began the quest for the Orb.
     0 | D:1      | Reached XP level 1. HP: 16/16 MP: 1/1
   143 | D:1      | Reached XP level 2. HP: 19/21 MP: 2/2
   316 | D:1      | Reached skill level 3 in Stealth
   839 | D:1      | Reached XP level 3. HP: 26/26 MP: 3/3
  1201 | D:2      | Found a faded altar of an unknown god.
  2076 | D:3      | Reached skill level 4 in Stealth
  2076 | D:3      | Reached XP level 4. HP: 18/31 MP: 4/4
  2233 | D:3      | Noticed an ogre
  2724 | D:3      | Noticed a kobold brigand
  2733 | D:3      | Killed a kobold brigand
  2734 | D:3      | Reached skill level 5 in Stealth
  2734 | D:3      | Reached skill level 1 in Shields
  2734 | D:3      | Reached XP level 5. HP: 12/36 MP: 5/5
  3497 | D:3      | Killed an ogre
  3498 | D:3      | Reached XP level 6. HP: 23/43 MP: 6/6
  4466 | D:4      | Reached skill level 6 in Stealth
  4508 | D:4      | Reached XP level 7. HP: 47/47 MP: 7/7
  5201 | D:4      | Reached skill level 7 in Stealth
  5812 | D:5      | Entered Level 5 of the Dungeon
  6004 | D:5      | Reached XP level 8. HP: 36/54 MP: 8/8
  6367 | D:5      | Found a shimmering altar of Xom.
  6367 | D:5      | Noticed Ijyb
  6372 | D:5      | Killed Ijyb
  6896 | D:5      | Reached skill level 5 in Short Blades
  6896 | D:5      | Reached skill level 8 in Stealth
  6965 | D:5      | Found a burning altar of Makhleb.
  7358 | D:5      | Reached skill level 5 in Shields
  7951 | D:6      | Noticed Edmund
  7964 | D:6      | Killed Edmund
  7965 | D:6      | Reached skill level 1 in Throwing
  7976 | D:6      | Found a sparkling altar of Nemelex Xobeh.
  7982 | D:6      | Reached skill level 5 in Dodging
  8353 | D:6      | Reached XP level 9. HP: 35/59 MP: 9/9
  9148 | D:7      | HP: 1/59 [wraith (11)]
  9204 | D:6      | HP: 1/59 [centaur/arrow (11)]
  9210 | D:6      | HP: 2/59 [centaur (1)]
  9234 | D:6      | HP: 2/60 [centaur skeleton (4)]
  9645 | D:6      | Noticed Prince Ribbit
  9650 | D:6      | Reached skill level 1 in Maces & Flails
  9912 | D:6      | Found a broken altar of Ashenzari.
  9989 | D:6      | Found a staircase to the Ecumenical Temple.
 10011 | D:6      | Noticed a queen bee
 10016 | D:6      | Found a transporter.
 10568 | D:6      | Found a transporter.
 10706 | Temple   | Entered the Ecumenical Temple
 10808 | D:6      | Became a worshipper of Ashenzari the Shackled
 10855 | D:7      | Reached * piety under Ashenzari
 11003 | D:7      | Reached skill level 9 in Stealth
 11008 | D:7      | Reached skill level 5 in Fighting
 11695 | D:7      | Reached XP level 10. HP: 28/66 MP: 10/10
 13410 | D:9      | Found a sacrificial altar of Ru.
 13412 | D:9      | Found a blossoming altar of Fedhas.
 13414 | D:9      | Found a shadowy altar of Dithmenos.
 13414 | D:9      | Found a hide-covered altar of Uskayaw.
 13416 | D:9      | Found an iron altar of Okawaru.
 13417 | D:9      | Found a radiant altar of Vehumet.
 13801 | D:9      | Reached ** piety under Ashenzari
 13817 | D:9      | Reached skill level 10 in Stealth
 14222 | D:9      | HP: 1/69 [acid dragon (4)]
 14222 | D:9      | Slain by an acid dragon

Illustrated notes

Levels and vault maps discovered:
D:1:      lightli_arrival_boilingwater, layout_loops_corners
D:2:      wad_crossroads, layout_basic, ebering_ecumenical_altar_petrified
D:3:      layout_basic, fountainhead, minmay_splitting_lines, minivault_19
D:4:      layout_loops_ring, minmay_puff
D:5:      layout_loops_ring, makhleb_blood_cavern_becter, led_xom_imps,
          minmay_misc_feat_ornament, uniq_ijyb
D:6:      layout_rooms, mainiacjoe_overflow_catch_the_wave,
          minmay_temple_entry_statues_pillars, gammafunk_ghost_hive,
          minmay_misc_feat_rugged, minmay_manual_monstrance,
          uniq_prince_ribbit1, uniq_edmund
D:7:      layout_rooms
D:8:      layout_cave_pools, serial_gnoll_camp, gnoll_camp_mini_hut,
          gnoll_camp_mini_hut, gnoll_camp_medium_01, gnoll_camp_mini_doghouse,
          chequers_arboretum, kennysheep_generic_room_12
D:9:      layout_irregular_city, grunt_temple_overflow_open,
          kennysheep_generic_room_6
Temple:   dpeg_three_leaves_temple

Skill      XL: |  1  2  3  4  5  6  7  8  9 10 |
---------------+-------------------------------+-----
Stealth        | 3 4 5 6 7 8 9 10 | 10.2
Short Blades   | 4 5 |  5.6
Shields        | 1 2 3 5 8 9 |  9.8
Fighting       | 4 5 |  5.4
Dodging        | 4 5 6 7 |  7.0
Throwing       | 1 |  1.8
Maces & Flails | 3 4 |  4.9

Action                   |  1- 3 |  4- 6 |  7- 9 | 10-12 || total
-------------------------+-------+-------+-------+-------++-------
Melee: Short sword       |    55 |       |       |       ||    55
       Constrict         |    13 |    18 |    55 |    36 ||   122
       Tentacles         |     5 |    17 |    90 |    38 ||   150
       Dagger            |     5 |    72 |   197 |    25 ||   299
       Flail             |       |       |   160 |   158 ||   318
Throw: Dart              |       |     5 |    20 |       ||    25
Invok: Curse Item        |       |       |     2 |     2 ||     4
  Use: Scroll            |       |     6 |     4 |     2 ||    12
       Potion            |       |     1 |     4 |     1 ||     6
 Stab: Sleeping          |    20 |    12 |     6 |    16 ||    54
       Distracted        |       |       |     1 |       ||     1
Armor: Skin              |       |     2 |    85 |    40 ||   127
Dodge: Dodged            |    26 |    23 |   147 |    75 ||   271
Block: Tower shield      |     3 |    41 |   337 |   209 ||   590
